 Dungeon Crawl Stone Soup version 0.20.0-10-g0535bb4 (webtiles) character file.

29 Gorglomux the Shooter (level 3, -6/29 HPs)
             Began as a Centaur Arcane Marksman on June 5, 2017.
             Mangled by Sigmund
             ... wielding a +0 scythe
              (10 damage)
             ... on level 2 of the Dungeon.
             The game lasted 00:01:27 (896 turns).

Gorglomux the Shooter (Centaur Arcane Marksman)      Turns: 896, Time: 00:01:28

Health: -6/29      AC:  4    Str: 12    XL:     3   Next: 1%
Magic:  4/4        EV:  9    Int: 12    God:
Gold:   83         SH:  0    Dex: 10    Spells: 3/4 levels left

rFire    . . .     SeeInvis .   a - +0 shortbow
rCold    . . .     Gourm    .   (shield currently unavailable)
rNeg     . . .     Faith    .   e - +0 robe
rPois    .         Spirit   .   (no helmet)
rElec    .         Reflect  .   (no cloak)
rCorr    .         Harm     .   (no gloves)
MR       .....                  (no barding)
Stlth    +.........             (no amulet)
Regen    0.1/turn               (no ring)
MPRegen  0.1/turn               (no ring)

@: heavily drained, very quick
A: hooves 3, deformed body, speed 2, tough skin 3
a: no special abilities


You were on level 2 of the Dungeon.
You were not hungry.

You visited 1 branch of the dungeon, and saw 2 of its levels.

You collected 83 gold pieces.

Inventory:

Hand Weapons
 a - a +0 shortbow (weapon)
 b - a +4 short sword
Missiles
 d - an arrow (quivered)
Armour
 e - a +0 robe (worn)
Scrolls
 g - a scroll of recharging {unknown}
 h - 2 scrolls of immolation {unknown}
 A - a scroll of teleportation {unknown}
 B - a scroll of identify {unknown}
Potions
 k - a potion of might {unknown}
 l - 2 potions of mutation {unknown}
Books
 c - a book of Debilitation

   Spells                             Type                      Level
   a - Corona                         Hexes                        1
   b - Slow                           Hexes                        2
   c - Inner Flame                    Hexes/Fire                   3
   d - Portal Projectile              Hexes/Translocation          3
   e - Cause Fear                     Hexes                        4
   f - Leda's Liquefaction            Hexes/Earth                  4
Comestibles
 f - 3 bread rations
 m - 3 chunks of flesh
 z - a meat ration
 C - a royal jelly


   Skills:
 + Level 2.2(0.8) Fighting
 + Level 3.7(2.4) Bows
 - Level 1.3(0.1) Dodging
 - Level 1.0(0.0) Spellcasting
 - Level 2.6(1.3) Hexes


You had 3 spell levels left.
You knew the following spells:

 Your Spells              Type           Power        Failure   Level  Hunger
a - Corona                Hex            #......      19%         1    ##.....


Dungeon Overview and Level Annotations

Branches:
Dungeon (2/15)

Altars:

Annotations:
D:2 Sigmund


Innate Abilities, Weirdness & Mutations

You have hooves in place of feet.
Armour fits poorly on your strangely shaped body.
You cover ground very quickly.
You have extremely tough skin. (AC +3)


Message History

You shoot an arrow. The arrow closely misses Sigmund.
Some of the chunks of flesh in your inventory have rotted away.
Firing (i - inventory):
d - 4 arrows (quivered)
Press: ? - help, Shift-Dir - straight line, f/p - Sigmund
Aim: Sigmund, wielding a scythe and wearing a robe (severely wounded)
You shoot an arrow. The arrow hits Sigmund.
Sigmund is almost dead.
Sigmund barely misses you.
Firing (i - inventory):
d - 3 arrows (quivered)
Press: ? - help, Shift-Dir - straight line, f/p - Sigmund
Aim: Sigmund, wielding a scythe and wearing a robe (almost dead)
You shoot an arrow. The arrow barely misses Sigmund.
Firing (i - inventory):
d - 2 arrows (quivered)
Press: ? - help, Shift-Dir - straight line, f/p - Sigmund
Aim: Sigmund, wielding a scythe and wearing a robe (almost dead)
You shoot an arrow.
The arrow hits Sigmund but does no damage.
Sigmund is almost dead.
Sigmund hits you from afar with a scythe!
You die...

##.#. .## ...#.##(.#
... ... ....(.
#.#(##..# # #.(.>...#
.# #. #@# #.# ..#
###..##.#####.###..#
.......@....>......##
###..##.#....<......#
...................#
####...............#
###...##..<######
#.............#
#.........######
#.........#
...........#


You could see Sigmund.

Vanquished Creatures
  A worm (D:1)
  2 dart slugs (D:1)
  2 bats (D:1)
  A giant cockroach (D:1)
  4 goblins (D:1)
  2 hobgoblins (D:1)
  3 jackals (D:1)
  3 kobolds (D:1)
  A frilled lizard (D:1)
19 creatures vanquished.

Notes
Turn   | Place    | Note
-------+----------+-------------------------------------------
     0 | D:1      | Gorglomux the Centaur Arcane Marksman began the quest for the Orb.
     0 | D:1      | Reached XP level 1. HP: 16/16 MP: 2/2
    50 | D:1      | Reached skill level 3 in Bows
    80 | D:1      | Reached XP level 2. HP: 10/23 MP: 3/3
    92 | D:1      | HP: 1/24 [bat (1)]
   843 | D:1      | Reached XP level 3. HP: 28/29 MP: 4/4
   874 | D:2      | Noticed Sigmund
   896 | D:2      | Mangled by Sigmund

Skill      XL: |  1  2 |
---------------+-------+-----
Bows           | 3 |  3.7
Fighting       | 2 |  2.2
Dodging        | |  1.3
Spellcasting   | |  1.0
Hexes          | |  2.6

Action                   || total
-------------------------++-------
Melee: Unarmed           ||    27
       Kick              ||    22
       Short sword       ||    29
 Fire: Shortbow          ||    20
Armor: Robe              ||    29
Dodge: Dodged            ||    35
